Map: Catalyst LE

Players

IIIIIIIIIIII - Winner!

  • Race: Terran Terran
  • League: Master
  • Spawn Location: 5:00

Jason

  • Race: Terran Terran
  • League: Master
  • Spawn Location: 11:00

VOD

Have the link to the VOD?

Description

Time

  • Played on: May 18, 2018, 7:49 p.m.
  • Length: 9:38
Show
View Real Time Build Order
Export as new Build Order

IIIIIIIIIIII Terran - Winner!

Build Orders: Cyclone Opening, MMM Bio 

Get SALT Encoding   

  12  0:03  SCV  
  13  0:15  SCV  
  13  0:19  Supply Depot  
  14  0:28  SCV  
  15  0:31  Refinery  
  15  0:41  SCV  
  16  0:45  Barracks  
  16  0:53  SCV  
  16  0:56  Refinery  
  17  1:05  SCV  
  18  1:17  SCV  
  19  1:32  Orbital Command, Reaper  
  20  1:42  Factory  
  20  1:50  Supply Depot  
  20  1:58  SCV  
  21  2:05  Reaper  
  22  2:12  SCV  
  23  2:24  SCV  
  23  2:27  Cyclone  
  27  2:34  Command Center  
  27  2:36  SCV  
  28  2:42  Barracks Reactor  
  28  2:48  SCV  
  28  2:57  Starport, Supply Depot  
  28  3:00  Factory Tech Lab  
  28  3:01  SCV  
  29  3:13  SCV  
  29  3:19  Marine x2  
  32  3:21  Siege Tank  
  32  3:25  SCV  
  36  3:37  SCV  
  36  3:38  Marine x2  
  38  3:43  Medivac  
  38  3:49  SCV  
  38  3:50  Orbital Command  
  37  4:02  SCV  
  37  4:04  Marine x2  
  39  4:15  SCV x2  
  41  4:21  Marine  
  41  4:22  Marine  
  43  4:25  Raven  
  43  4:29  SCV  
  43  4:30  SCV  
  47  4:32  Supply Depot  
  47  4:43  SCV x2  
  47  4:44  Marine x2  
  50  4:50  Factory Tech Lab  
  50  4:51  Command Center  
  50  4:55  Supply Depot, SCV x2  
  52  5:07  SCV x2  
  52  5:08  Siege Tank  
  52  5:12  Barracks  
  57  5:15  Stimpack  
  57  5:16  Barracks, Marine  
  57  5:19  SCV x2  
  60  5:22  Starport Reactor  
  60  5:31  SCV  
  60  5:32  SCV  
  62  5:35  Engineering Bay  
  62  5:36  Engineering Bay, Marine  
  63  5:44  SCV x2  
  63  5:46  Supply Depot, Siege Tank  
  68  5:54  Marine  
  68  5:56  SCV  
  70  5:58  Refinery  
  70  6:00  Refinery  
  70  6:02  SCV  
  70  6:04  Orbital Command  
  71  6:08  Starport Reactor, SCV  
  71  6:10  Supply Depot  
  72  6:14  Marine x5, SCV  
  78  6:21  Terran Infantry Weapons Level 1, Terran Infantry Armor Level 1  
  78  6:26  SCV x2  
  78  6:31  Orbital Command  
  80  6:33  Marine x5, Siege Tank  
  80  6:39  SCV x2  
  90  6:51  Medivac, Supply Depot, SCV x2  
  90  6:52  Medivac  
  96  6:57  SCV  
  96  6:58  Marine  
  96  6:59  Marine x3  
  101  7:08  Supply Depot  
  101  7:09  Supply Depot  
  101  7:12  SCV  
  101  7:13  Marine, SCV, Siege Tank  
  106  7:16  Combat Shields  
  106  7:18  SCV  
  106  7:21  Marine x2  
  109  7:29  Marine x2  
  111  7:30  Marine  
  111  7:33  Medivac  
  111  7:34  SCV x3  
  117  7:37  Medivac  
  117  7:38  Supply Depot  
  117  7:39  Supply Depot  
  117  7:43  Marine x2  
  121  7:47  Marine x2  
  123  7:54  Siege Tank  
  124  8:00  Marine  
  124  8:01  Marine x2  
  124  8:04  Marine x2  
  129  8:06  Barracks  
  129  8:07  SCV x3  
  129  8:08  Barracks  
  129  8:10  Supply Depot  
  129  8:11  Medivac, Supply Depot  
  133  8:13  Medivac  
  133  8:18  Refinery  
  135  8:20  Refinery  
  135  8:22  SCV x3  
  138  8:28  Marine x3  
  138  8:31  Marine x2  
  143  8:38  Supply Depot, Siege Tank  
  143  8:39  Supply Depot  
  146  8:43  Armory  
  126  8:53  Marine x2  
  126  8:54  Marine x3  
  115  9:03  Barracks Reactor  
  115  9:04  Barracks Reactor  
  115  9:05  Medivac x2  
  118  9:11  Marine x2  
  118  9:12  Marine x3  
  125  9:26  Factory  
Show
View Real Time Build Order
Export as new Build Order

Jason Terran 

Build Orders: Gas First Reaper Expand, Reaper Expand, MMM Bio 

Get SALT Encoding   

  12  0:01  SCV  
  13  0:13  SCV  
  14  0:19  Supply Depot  
  14  0:25  SCV  
  15  0:33  Refinery  
  15  0:40  SCV  
  16  0:47  Barracks  
  16  0:52  SCV  
  17  1:04  SCV  
  18  1:17  SCV  
  19  1:34  Reaper  
  19  1:35  Orbital Command  
  20  1:47  Command Center  
  20  1:59  Factory  
  20  2:02  SCV  
  21  2:11  Reaper  
  21  2:13  Refinery  
  21  2:14  SCV  
  23  2:23  Supply Depot  
  23  2:45  Hellion, SCV  
  23  2:48  Starport  
  27  2:57  SCV  
  27  2:59  Barracks Reactor  
  27  3:00  Orbital Command  
  27  3:09  SCV  
  27  3:12  Engineering Bay  
  28  3:18  Cyclone  
  31  3:24  SCV  
  32  3:27  SCV  
  32  3:34  Supply Depot  
  33  3:35  Marine x2  
  35  3:47  SCV x2  
  37  3:53  Marine x2  
  39  3:58  Factory Tech Lab  
  39  4:02  Viking  
  39  4:03  SCV  
  39  4:08  SCV  
  41  4:14  Marine x2  
  41  4:17  Supply Depot, Siege Tank  
  43  4:20  SCV  
  43  4:21  SCV  
  48  4:32  Viking  
  48  4:33  Marine x2  
  48  4:37  SCV  
  48  4:38  SCV  
  54  4:49  SCV  
  54  4:50  SCV  
  54  4:51  Marine x2  
  58  5:02  Viking  
  58  5:04  SCV  
  58  5:05  Barracks x2  
  61  5:16  SCV  
  61  5:18  Refinery, Barracks Tech Lab  
  61  5:20  Supply Depot x2  
  62  5:21  SCV, Siege Tank  
  62  5:27  Supply Depot  
  62  5:28  SCV  
  67  5:32  Terran Infantry Weapons Level 1  
  67  5:33  Refinery, SCV  
  67  5:34  Starport Reactor  
  68  5:38  Marine  
  68  5:40  SCV  
  70  5:45  Stimpack  
  70  5:47  SCV  
  71  5:52  SCV  
  71  5:54  Barracks Reactor  
  71  5:56  Marine  
  73  5:59  SCV  
  74  6:04  Marine x2, SCV  
  74  6:05  Supply Depot x2  
  77  6:12  SCV  
  77  6:14  Marine  
  79  6:22  Marine x2  
  82  6:25  SCV  
  82  6:26  Command Center  
  82  6:31  Marine  
  83  6:34  Medivac  
  83  6:35  Medivac, Marine x2  
  83  6:37  Supply Depot  
  83  6:38  SCV  
  83  6:39  Marine, Supply Depot  
  90  6:40  Marine  
  90  6:43  Siege Tank  
  95  6:48  SCV  
  95  6:49  Marine  
  95  6:50  SCV  
  95  6:53  Marine x2  
  100  6:57  Marine  
  101  7:04  Barracks  
  101  7:05  Barracks, SCV  
  101  7:08  Marine  
  103  7:15  Marine x2  
  103  7:16  Marine, Siege Tank  
  103  7:19  SCV x2  
  110  7:31  Marine x2  
  110  7:33  Medivac, Marine  
  115  7:40  SCV  
  115  7:46  Combat Shields  
  115  7:47  Marine  
  115  7:48  Marine  
  115  7:49  Marine x2  
  115  7:50  Siege Tank  
  116  7:52  Barracks  
  116  7:56  Medivac  
  108  8:00  Marine  
  108  8:01  SCV x2  
  108  8:02  Barracks Reactor  
  108  8:03  Barracks Reactor, Medivac  
  108  8:05  Marine x2  
  111  8:07  Marine  
  111  8:10  Orbital Command  
  114  8:13  SCV  
  114  8:17  Factory  
  114  8:18  Marine  
  114  8:19  Marine, Sensor Tower  
  117  8:22  SCV  
  117  8:25  Siege Tank, SCV  
  117  8:26  Marine  
  117  8:27  Marine  
  123  8:28  Marine  
  125  8:36  SCV, Sensor Tower  
  125  8:40  SCV x2  
  102  8:59  Marine x5  
  102  9:00  Marine x4  
  102  9:02  SCV x3  
  94  9:04  Siege Tank  
  94  9:05  Factory Tech Lab  
  94  9:07  Refinery  
  94  9:08  Refinery  
  97  9:17  Marine x5  
  97  9:18  Marine x3  
Tags
 
Add a new tag
Caveats
  • Supply blocks, unpowered buildings, or Contaminate may cause inaccurate times.
  • Supply counts are checked every 10 seconds.